 Dungeon Crawl Stone Soup version 0.19.5 (webtiles) character file.

599 Nelagord the Twirler (level 6, -3/51 HPs)
             Began as a Demigod Gladiator on Mar 21, 2017.
             Slain by Grinder (7 damage)
             ... on level 4 of the Dungeon.
             The game lasted 00:08:57 (3758 turns).

Nelagord the Twirler (Demigod Gladiator)            Turns: 3758, Time: 00:08:58

Health: -3/51      AC:  5    Str: 23    XL:     6   Next: 96%
Magic:  8/8        EV: 14    Int: 12    God:
Gold:   247        SH:  0    Dex: 18    Spells: 0 memorised, 5 levels left

rFire  . . .     SeeInvis +     a - +0 quarterstaff
rCold  . . .     Gourm    .     b - +0 leather armour
rNeg   . . .     Faith    .     (shield currently unavailable)
rPois  .         Spirit   .     t - +2 hat
rElec  .         Reflect  .     (no cloak)
rCorr  .         Harm     .     (no gloves)
MR     .....                    (no boots)
Stlth  ++........               (no amulet)
                                n - +3 ring of strength
                                e - ring of see invisible

@: no status effects
A: high mp 1
a: no special abilities


You were on level 4 of the Dungeon.
You were hungry.

You visited 1 branch of the dungeon, and saw 4 of its levels.

You collected 247 gold pieces.

Inventory:

Hand Weapons
 a - a +0 quarterstaff (weapon)
Missiles
 d - 3 throwing nets (quivered)
Armour
 b - a +0 leather armour (worn)
 c - a +0 helmet
 t - a +2 hat (worn)
Jewellery
 e - a ring of see invisible (left hand)
 h - an uncursed amulet of harm
 n - a +3 ring of strength (right hand)
Wands
 i - a wand of flame (21/48)
 j - a wand of flame (29/48)
 p - a wand of confusion (19/48)
Scrolls
 o - 2 scrolls of remove curse
 q - a scroll of teleportation
 r - 2 scrolls of enchant weapon {unknown}
 u - 2 scrolls of identify
 v - 2 scrolls of fear {unknown}
Potions
 l - a potion of curing
Books
 s - a book of Maledictions

   Spells                             Type                      Level
   a - Corona                         Hexes                        1
   b - Ensorcelled Hibernation        Hexes/Ice                    2
   c - Confuse                        Hexes                        3
   d - Tukima's Dance                 Hexes                        3
   e - Dazzling Spray                 Conjuration/Hexes            3
Comestibles
 f - 5 bread rations
 g - a beef jerky
 k - 5 fruits
 m - 3 meat rations


   Skills:
 + Level 3.1 Fighting
 + Level 5.4 Staves
 - Level 1.7 Throwing
 + Level 2.7 Armour
 + Level 4.0 Dodging
 + Level 1.2 Stealth


You had 5 spell levels left.
You didn't know any spells.

Dungeon Overview and Level Annotations

Branches:
Dungeon (4/15)
 Temple: D:4-7

Annotations:
D:4 Frank's ghost, novice GrGl; Grinder


Innate Abilities, Weirdness & Mutations

You have an increased reservoir of magic. (+10% MP)


Message History

You hit the orc priest.
The orc priest is almost dead.
The orc priest closely misses you. Grinder hits you.
You writhe in agony.
You barely miss the orc priest.
The orc priest is almost dead.
The orc priest hits you with a war axe!
* * * LOW HITPOINT WARNING * * *
Grinder gestures at you. Pain shoots through your body!
* * * LOW HITPOINT WARNING * * *
You hit the orc priest.
You kill the orc priest!
Your Dodging skill increases to level 4!
Grinder barely misses you.
Frank's ghost (novice Gargoyle Gladiator) comes into view.
You barely miss Grinder.
Grinder is severely wounded.
Frank's ghost turns its malevolent gaze towards you.
The orc barely misses you. Grinder hits you!
You die...

.#.## W.. ... #
... ## #.###.#.#
.. ......#.##.#
#.....ooo..# #o#
######@# #.....5#
#.####.#
##########.####.##
#.................
#..#####...##.....
#..# #...##.#.#.#
#..# #.)........#
#..# #(.###.....#


You could see Grinder, Frank's ghost and 4 orcs.

Vanquished Creatures
  A hippogriff (D:3)
  2 scorpions (D:4)
  A crimson imp (D:3)
  A hound (D:2)
  An orc priest (D:4)
  An orc wizard (D:3)
  A worker ant (D:4)
  Robin (D:3)
  7 adders
  A worm (D:4)
  6 orcs (D:3)
  5 giant cockroaches
  13 goblins
  8 hobgoblins
  6 jackals (D:1)
  13 kobolds
  2 quokkas
  4 ball pythons
  A ball python skeleton (D:4)
  8 bats
  4 frilled lizards
  8 rats
95 creatures vanquished.

Notes
Turn   | Place    | Note
-------+----------+-------------------------------------------
     0 | D:1      | Nelagord the Demigod Gladiator began the quest for the Orb.
     0 | D:1      | Reached XP level 1. HP: 17/17 MP: 3/3
   124 | D:1      | Reached XP level 2. HP: 20/24 MP: 4/4
   133 | D:1      | Reached skill level 3 in Staves
   521 | D:2      | Reached XP level 3. HP: 29/29 MP: 5/5
   648 | D:2      | Reached skill level 1 in Armour
   670 | D:2      | Reached XP level 4. HP: 11/36 MP: 6/6
   943 | D:2      | Found a stormy altar of Qazlal.
  1422 | D:2      | Found a burning altar of Makhleb.
  1483 | D:2      | Reached skill level 4 in Staves
  1728 | D:3      | Noticed a hippogriff
  1761 | D:3      | Killed a hippogriff
  1761 | D:3      | Reached XP level 5. HP: 8/44 MP: 7/7
  2028 | D:3      | Noticed Robin
  2055 | D:3      | Reached XP level 6. HP: 37/50 MP: 8/8
  2075 | D:3      | Killed Robin
  2924 | D:3      | Reached skill level 5 in Staves
  3368 | D:4      | Reached skill level 1 in Stealth
  3746 | D:4      | Noticed Grinder
  3758 | D:4      | Noticed Frank's ghost (novice GrGl)
  3758 | D:4      | Slain by Grinder

Skill      XL: |  1  2  3  4  5  6 |
---------------+-------------------+-----
Dodging        | 3 4 |  4.0
Staves         | 3 4 5 |  5.4
Fighting       | 2 3 |  3.1
Armour         | 1 2 |  2.7
Stealth        | 1 |  1.2
Throwing       | |  1.7

Action                   |  1- 3 |  4- 6 || total
-------------------------+-------+-------++-------
Melee: Quarterstaff      |   109 |   205 ||   314
  Use: Scroll            |     5 |     3 ||     8
       Potion            |       |     5 ||     5
 Stab: Sleeping          |       |     4 ||     4
  Eat: Bread ration      |       |     2 ||     2
Armor: Leather armour    |    50 |    52 ||   102
Dodge: Dodged            |   113 |   171 ||   284
